 Dungeon Crawl Stone Soup version 0.24-a0-232-g49d9ff8 (webtiles) character file.

Game seed: 13142828843622141362

225 xeno23 the Sneak (level 6, -4/42 HPs)
             Began as an Octopode Assassin on Apr 4, 2019.
             Slain by a gnoll
             ... wielding a +0 spear
              (8 damage)
             ... on level 7 of the Dungeon.
             The game lasted 00:06:50 (2567 turns).

xeno23 the Sneak (Octopode Assassin)                Turns: 2567, Time: 00:06:50

Health: -4/42      AC:  1    Str: 12    XL:     6   Next: 1%
Magic:  6/6        EV: 13    Int: 13    God:
Gold:   121        SH:  0    Dex: 14    Spells: 5/5 levels left

rFire    . . .     SeeInvis .   a - +1 dagger (drain)
rCold    . . .     Gourm    .   (no shield)
rNeg     . . .     Faith    .   (helmet restricted)
rPois    .         Spirit   .   (no amulet)
rElec    .         Reflect  .   e - ring of stealth
rCorr    .         Harm     .   h - +3 ring of slaying
MR       .....                  (no ring)
Stlth    +++++.....             (no ring)
HPRegen  0.14/turn              (no ring)
MPRegen  0.10/turn              (no ring)
                                (no ring)
                                (no ring)

@: no status effects
A: almost no armour, stealthy swim, amphibious, 8 rings, constrict 8, camouflage
1, gelatinous body 1
a: no special abilities


You were on level 7 of the Dungeon.
You were not hungry.

You visited 1 branch of the dungeon, and saw 5 of its levels.

You collected 121 gold pieces.

Inventory:

Hand Weapons
 a - a +1 dagger of draining (weapon)
 s - a +0 blowgun
Missiles
 c - 23 poisoned needles
 d - 2 curare-tipped needles
Jewellery
 e - a ring of stealth (left tentacle)
 h - a +3 ring of slaying (right tentacle)
Potions
 g - a potion of cancellation
 i - a potion of flight
Comestibles
 f - 5 rations
 j - a chunk of flesh


   Skills:
 + Level 3.4 Fighting
 * Level 4.4 Short Blades
 - Level 2.0 Throwing
 - Level 1.0 Dodging
 + Level 6.7 Stealth


You had 5 spell levels left.
You didn't know any spells.
Your spell library was empty.

Dungeon Overview and Level Annotations

Branches:
Dungeon (4/15)
 Temple: D:4-7

Altars:
Dithmenos
Makhleb
Ru
Xom

Annotations:
D:4 Pikel


Innate Abilities, Weirdness & Mutations

You cannot wear most types of armour.
You are very stealthy in the water. (Stealth+)
You are amphibious.
You can wear up to eight rings at the same time.
You can use your tentacles to constrict eight enemies at once.
Your skin changes colour to match your surroundings (Stealth+).
Your rubbery body absorbs attacks. (AC +1, EV +1)


Message History

You hit the gnoll. You grab the gnoll.
The gnoll is heavily wounded.
You constrict the gnoll. The gnoll barely misses you.
The gnoll hits you from afar with a +0 spear.
You take 6 damage.
You hit the gnoll.
You kill the gnoll!
You have reached level 6!
Your experience leads to an increase in your attributes!
Increase (S)trength, (I)ntelligence, or (D)exterity?
You feel stronger.
The gnoll hits you from afar with a +0 spear!
* * * LOW HITPOINT WARNING * * *
The gnoll hits you from afar with a +0 spear.
* * * LOW HITPOINT WARNING * * *
You take 9 damage.
Okay, then.
Unknown command.
The gnoll hits you with a +0 spear!
You die...

## ## ##.##.#.
##..#... ##.....##
#.......# .......
#...# # ###...##
#.. ####@g....#
y....#.#......##.
#....()Z...((.#
###...g#.......#
y......##.......#
.....#..#......(.(
#######......#.....
##.....#.....
...... ..


You could see 2 gnolls and a leopard gecko skeleton.

Vanquished Creatures
  Jessica (D:2)
  Terence (D:2)
  A gnoll (D:7)
  8 adders
  An ooze (D:1)
  An adder skeleton (D:4)
  A worm (D:3)
  A dart slug (D:2)
  4 orcs (D:3)
  5 ball pythons
  6 giant cockroaches
  15 goblins
  6 hobgoblins
  2 jackals (D:1)
  A quokka (D:2)
  7 bats
  5 frilled lizards
  8 kobolds
  3 rats (D:1)
77 creatures vanquished.

Notes
Turn   | Place    | Note
-------+----------+-------------------------------------------
     0 | D:1      | xeno23 the Octopode Assassin began the quest for the Orb.
     0 | D:1      | Reached XP level 1. HP: 14/14 MP: 1/1
   161 | D:1      | Reached XP level 2. HP: 16/19 MP: 2/2
   231 | D:1      | Reached XP level 3. HP: 14/25 MP: 3/3
   712 | D:2      | Noticed Terence
   747 | D:2      | Killed Terence
   747 | D:2      | Reached skill level 6 in Stealth
   747 | D:2      | Reached XP level 4. HP: 4/30 MP: 4/4
  1143 | D:2      | Found a shimmering altar of Xom.
  1218 | D:2      | Noticed Jessica
  1225 | D:2      | Killed Jessica
  1284 | D:2      | Reached XP level 5. HP: 30/36 MP: 5/5
  1547 | D:3      | Found a burning altar of Makhleb.
  2518 | D:4      | Found a shadowy altar of Dithmenos.
  2518 | D:4      | Noticed Pikel
  2518 | D:4      | Noticed a slave
  2518 | D:4      | Noticed a slave
  2519 | D:4      | Found a sacrificial altar of Ru.
  2519 | D:4      | Noticed a slave
  2519 | D:4      | Noticed a slave
  2545 | D:4      | You fall through a shaft for 3 floors!
  2566 | D:7      | Reached XP level 6. HP: 16/42 MP: 6/6
  2567 | D:7      | Slain by a gnoll

Levels and vault maps discovered:
D:1:      ncdulo_smallfort, layout_loops_ring, feat_on_display
D:2:      minmay_chambers_of_ones, layout_basic, lemuel_coloured_pillars_altar,
          first_ration, uniq_jessica, uniq_terence
D:3:      layout_basic, lemuel_doored_altar, corexii_leaking_fountain
D:4:      layout_rooms, nicolae_overflow_crystal_walls,
          nicolae_overflow_hidden_temple, uniq_pikel
D:7:      layout_cave_pools, okawaru_ov_weapons_minmay, serial_shops, shop_coins

Skill      XL: |  1  2  3  4  5 |
---------------+----------------+-----
Short Blades   | 3 4 |  4.4
Stealth        | 6 |  6.7
Fighting       | 3 |  3.4
Throwing       | |  2.0
Dodging        | |  1.0

Action                   |  1- 3 |  4- 6 || total
-------------------------+-------+-------++-------
Melee: Dagger            |    44 |     6 ||    50
       Constrict         |    13 |    29 ||    42
       Tentacles         |     8 |    13 ||    21
       Mace              |       |    83 ||    83
 Fire: Blowgun           |     2 |     6 ||     8
  Use: Scroll            |       |     6 ||     6
 Stab: Sleeping          |    11 |    23 ||    34
       Distracted        |       |     1 ||     1
  Eat: Chunk             |       |     5 ||     5
Armor: Skin              |     7 |     5 ||    12
Dodge: Dodged            |    20 |    52 ||    72

Table legend:
 A = Non-vault XP
 B = Vault XP
 C = Vault XP percentage of total XP
 D = Non-vault monster count
 E = Vault monster count
 F = Vault count percentage of total count
                 A         B        C        D         E       F
            +---------+---------+-------+---------+---------+-------
      Total |     231 |      91 |  28.3 |      70 |       7 |   9.1
            +---------+---------+-------+---------+---------+-------
        D:1 |      44 |       0 |   0.0 |      23 |       0 |   0.0
        D:2 |      85 |      91 |  51.7 |      22 |       7 |  24.1
        D:3 |      82 |       0 |   0.0 |      23 |       0 |   0.0
        D:4 |       5 |       0 |   0.0 |       1 |       0 |   0.0
        D:7 |      15 |       0 |   0.0 |       1 |       0 |   0.0
            +---------+---------+-------+---------+---------+-------
